 Seeded DCSS version 0.29-a0-284-gf9362112df (webtiles) character file.

Game seed: 10280712991196613600 (custom seed)

602 bwicke the Sneak (level 7, -5/36 HPs)
             Began as a Kobold Enchanter on Mar 31, 2022.
             Was a Believer of Uskayaw.
             Splashed by a jelly's acid (8 damage)
             ... on level 4 of the Dungeon.
             The game lasted 00:12:04 (5234 turns).

bwicke the Sneak (Kobold Enchanter)                 Turns: 5234, Time: 00:12:06

Health: -5/36      AC:  3    Str: 13    XL:     7   Next: 69%
Magic:  17/19      EV: 15    Int: 19    God:    Uskayaw [**....]
Gold:   176        SH:  0    Dex: 15    Spells: 5/10 levels left

rFire   + + .      SeeInvis .   o - +9 dagger "Killer Bee's Doom" {vorpal, *Slow rElec rPois Str+8}
rCold   . . .      Faith    .   (no shield)
rNeg    . . .      Spirit   .   b - +0 robe
rPois   +          Reflect  .   (no helmet)
rElec   +          Harm     .   (no cloak)
rCorr   .          Rampage  .   (no gloves)
Will    .....                   g - +0 pair of boots
Stlth   +++++.....              (no amulet)
HPRegen 0.12/turn               e - ring of Creativity {rF++ MP+9}
MPRegen 0.16/turn               (no ring)

@: no status effects
A: small, no large weapons, nightstalker 3
a: Renounce Religion, Stomp, Line Pass


You were on level 4 of the Dungeon.
You worshipped Uskayaw.
Uskayaw was noncommittal.
You visited 1 branch of the dungeon, and saw 5 of its levels.

You collected 176 gold pieces.

Inventory:

Hand Weapons
 a - a +1 dagger
 m - a +0 scimitar
 o - the +9 dagger "Killer Bee's Doom" (weapon) {vorpal, *Slow rElec rPois Str+8}
   (You found it on level 3 of the Dungeon)

   It inflicts extra damage upon your enemies.
   Str:       It affects your strength (+8).
   rElec:     It insulates you from electricity.
   rPois:     It protects you from poison.
   *Slow:     It may slow you when you take damage.
 r - a +2 whip of electrocution
 u - a +1 short sword of venom
 x - a +2 whip of freezing
Missiles
 d - 109 stones
Armour
 b - a +0 robe (worn)
 g - a +0 pair of boots (worn)
Jewellery
 e - the ring of Creativity (left hand) {rF++ MP+9}
   (You acquired it on level 3 of the Dungeon)

   [ring of magical power]

   rF:        It greatly protects you from fire.
   MP:        It affects your magic capacity (+9).
Wands
 l - a wand of charming (5)
Scrolls
 f - 2 scrolls of immolation {unknown}
 h - 3 scrolls of vulnerability
 i - 2 scrolls of summoning
 n - a scroll of torment
 p - a scroll of magic mapping
 q - a scroll of teleportation {unknown}
 s - a scroll of enchant weapon {unknown}
 w - a scroll of blinking {unknown}
Potions
 c - 2 potions of invisibility
 j - a potion of magic {unknown}
 k - 2 potions of might {unknown}
 t - a potion of attraction {unknown}
 v - 3 potions of heal wounds {unknown}


   Skills:
 - Level 1.3 Short Blades
 - Level 2.4 Dodging
 + Level 7.3 Stealth
 - Level 2.1 Spellcasting
 - Level 7.1 Hexes


You had 5 spell levels left.
You knew the following spells:

 Your Spells              Type           Power      Damage    Failure   Level
a - Ensorcelled Hibernat  Hex/Ice        30%        N/A       6%          2
b - Confusing Touch       Hex            29%        N/A       2%          3

Your spell library contained the following spells:

 Spells                   Type           Power      Damage    Failure   Level
 Tukima's Dance           Hex            29%        N/A       2%          3
 Dazzling Flash           Conj/Hex       30%        N/A       12%         3


Dungeon Overview and Level Annotations

Branches:
Dungeon (5/15)             Temple (0/1) D:4

Altars:
Cheibriados
Uskayaw
Vehumet
Yredelemnul


Innate Abilities, Weirdness & Mutations

You are small and have problems with some larger weapons.
You are completely attuned to the shadows.


Message History

There is a stone staircase leading up here.
There are monsters nearby!
Casting: Confusing Touch (dangerous; 2% risk of failure)
Confirm with . or Enter, or press ? or * to list all spells.
Your hands begin to glow red.
A jelly comes into view.
You barely miss the gnoll. The gnoll closely misses you.
The gnoll hits you with a +0 spear.
The jelly quivers.
You hit the gnoll but do no damage.
The gnoll appears confused.
The gnoll hits you but does no damage.
The gnoll hits the shadow imp with a +0 spear.
You catch the helpless gnoll completely off-guard!
You puncture the gnoll!
You kill the gnoll!
The shadow imp grins evilly.
The shadow imp barely misses you. The gnoll misses you.
You puncture the jelly!
Your hands burn!
The jelly is heavily wounded.
The shadow imp misses you.
The gnoll hits you from afar with a +0 spear.
The jelly completely misses you.
You can now pass through a line of other dancers.
You hit the jelly.
Your hands burn!
The jelly is severely wounded.
The shadow imp misses you.
The gnoll hits you from afar with a +0 spear!
* * * LOW HITPOINT WARNING * * *
The jelly barely misses you. The shadow imp closely misses you.
The gnoll misses you. The jelly barely misses you.
You climb upwards.
There is a stone staircase leading down here.
You hit the jelly.
Your hands burn!
* * * LOW HITPOINT WARNING * * *
The jelly is almost dead.
The jelly hits you.
* * * LOW HITPOINT WARNING * * *
You are splashed with acid!
You die...

.....# #...##### #.#..#
##.#.....# .....### #..#####.##
.#.#...### #.## #..###
.....#...###.# ##.†.#
.>.#...#..#..# ###.##
.....#......## #†.###
.#.#......#.###########†..######
.....#####.....5@J.............#
#.#........#####################
.....#####.# .#...#####.#
........##.#
##...##....#########
#..#.####).........# #######
#.##.#####.#######.### #......
#.##...###.# #...######......


You could see a jelly and a shadow imp.

Vanquished Creatures
  Menkaure (D:4)
  A phantom (D:4)
  2 scorpions
  A howler monkey (D:4)
  A hound (D:4)
  A gnoll shaman (D:4)
  2 adders (D:2)
  10 gnolls
  A dart slug (D:2)
  4 orcs (D:4)
  4 endoplasms
  4 giant cockroaches
  9 hobgoblins
  13 jackals
  4 quokkas
  7 ball pythons
  3 bats (D:1)
  4 frilled lizards
  4 goblins
  4 kobolds
  5 rats
85 creatures vanquished.

Notes
Turn   | Place    | Note
-------+----------+-------------------------------------------
     0 | D:1      | bwicke the Kobold Enchanter began the quest for the Orb.
     0 | D:1      | Reached XP level 1. HP: 10/10 MP: 3/3
   189 | D:1      | Reached XP level 2. HP: 3/15 MP: 5/5
   196 | D:1      | Learned a level 2 spell: Ensorcelled Hibernation
   829 | D:1      | Reached XP level 3. HP: 16/19 MP: 3/6
  1451 | D:2      | Found a radiant altar of Vehumet.
  1736 | D:2      | Found a faded altar of an unknown god.
  1757 | D:2      | Reached XP level 4. HP: 24/24 MP: 1/7
  2300 | D:1      | Learned a level 3 spell: Confusing Touch
  2725 | D:3      | Noticed a scorpion
  2731 | D:3      | Killed a scorpion
  2732 | D:3      | Reached skill level 5 in Hexes
  2732 | D:3      | Reached XP level 5. HP: 18/28 MP: 5/8
  3032 | D:3      | Identified the +9 dagger "Killer Bee's Doom" {vorpal, *Slow
                  | rElec rPois Str+8}
  3138 | D:3      | Identified a scroll of acquirement
  3139 | D:3      | Acquired the ring of Creativity {rF++ MP+9}
  3482 | D:3      | Found a basalt altar of Yredelemnul.
  3978 | D:4      | Reached XP level 6. HP: 32/32 MP: 9/9
  3998 | D:4      | Found a hide-covered altar of Uskayaw.
  4032 | D:4      | Became a worshipper of Uskayaw the Reveller
  4087 | D:4      | Noticed Menkaure
  4096 | D:4      | Killed Menkaure
  4096 | D:4      | Reached * piety under Uskayaw
  4097 | D:4      | Reached XP level 7. HP: 36/36 MP: 10/10
  4144 | D:4      | Reached skill level 5 in Stealth
  4162 | D:4      | Found a staircase to the Ecumenical Temple.
  4262 | D:4      | Reached ** piety under Uskayaw
  4478 | D:4      | Found a snail-covered altar of Cheibriados.
  4569 | D:5      | Entered Level 5 of the Dungeon
  4598 | D:4      | HP: 1/36 [gnoll shaman/+2 whip of freezing (2)]
  5234 | D:4      | Splashed by a jelly's acid

Illustrated notes

Levels and vault maps discovered:
D:1:      saegor_arrival_simple_d, layout_loops_ring
D:2:      layout_loops_cross, nicolae_ecumenical_snake_handling, basic_altar,
          serial_bayou_lagoon_a
D:3:      layout_basic, mainiacjoe_overflow_brackets
D:4:      layout_rooms, lemuel_tele_altar, eat_drink_and_be_merry_uskayaw,
          minmay_temple_entry_sparse_star, uniq_menkaure
D:5:      layout_rooms, serial_shops, shop, grunt_decor_mini_mirrors

Skill      XL: |  1  2  3  4  5  6  7 |
---------------+----------------------+-----
Hexes          | 4 5 7 |  7.1
Stealth        | 7 |  7.3
Short Blades   | |  1.3
Dodging        | |  2.4
Spellcasting   | |  2.1

Action                   |  1- 3 |  4- 6 |  7- 9 || total
-------------------------+-------+-------+-------++-------
Melee: Dagger            |    85 |    71 |    39 ||   195
       Punch             |       |       |     1 ||     1
 Cast: Ensorcelled Hiber |     2 |     8 |     5 ||    15
       Confusing Touch   |       |     3 |     5 ||     8
  Use: Scroll            |       |     6 |       ||     6
 Stab: Sleeping          |    19 |    14 |     7 ||    40
       Confused          |       |     2 |     3 ||     5
       Distracted        |       |       |     1 ||     1
Armor: Robe              |    20 |     7 |     1 ||    28
Dodge: Dodged            |    65 |    36 |    38 ||   139

Table legend: (Time is in decaauts)
 A = Elapsed time spent in this place.
 B = Non-inter-level travel time spent in this place.
 C = Inter-level travel time spent in this place.
 D = Time resting spent in this place.
 E = Time spent auto-exploring this place.
 F = Levels seen in this place.
 G = Mean time per level.
                   A        B        C        D        E       F      G
               +--------+--------+--------+--------+--------+-----+--------+
         Total |   5235 |   5136 |     99 |    895 |   3305 |   5 | 1047.0 |
       Dungeon |   5235 |   5136 |     99 |    895 |   3305 |   5 | 1047.0 |
               +--------+--------+--------+--------+--------+-----+--------+

Top non-repeatable levels by time:
     D:1: 1445 daAuts
     D:3: 1354 daAuts
     D:4: 1227 daAuts
     D:2: 1174 daAuts
     D:5: 33 daAuts
